[Event "Masters Tournament (MTO)"]
[Site "Biel, Switzerland"]
[Date "2026.07.18"]
[Round "6.1"]
[White "Acs, Peter"]
[Black "Gloeckler, Christian"]
[Result "0-1"]
[TimeControl "100+30+30sec/move"]
[WhiteTitle "-"]
[BlackTitle "-"]
[WhiteFideId "708020"]
[BlackFideId "34608966"]
[WhiteElo "2561"]
[BlackElo "2506"]

1. e4 e5 2. Nf3 Nc6 3. Bb5 a6 4. Ba4 Nf6 5. O-O Be7 6. d3 b5 7. Bb3 O-O 8. a3 d5 9. exd5 Nxd5 10.
Re1 Bg4 11. Nbd2 Nf4 12. h3 Bh5 13. Kh2 Qd7 14. Rg1 Kh8 15. g4 Bg6 16. Nf1 f5 17. Bxf4 exf4 18. Qe2 Bd6 19. Kh1 Rae8 20.
Qd2 fxg4 21. hxg4 Ne5 22. N1h2 Nxf3 23. Nxf3 Bh5 24. Nh2 f3 25. Qg5 Re5 26. Qh4 Bg6 27. Rg3 Re2 28. Rh3 Qc6 29.
Rf1 a5 30. d4 Qe4 31. Rg1 Re1 32. Nf1 Qe2 33. Ne3 Bf4 34. Bd5 Bxe3 35. Rxf3 Rxg1+ 36. Kxg1 Bf4 37. g5 Qd1+ 38. Kg2 Qxd4 0-1

[Event "Masters Tournament (MTO)"]
[Site "Biel, Switzerland"]
[Date "2026.07.18"]
[Round "6.2"]
[White "Cao, Qingfeng"]
[Black "Gopal, G.N."]
[Result "1/2-1/2"]
[TimeControl "100+30+30sec/move"]
[WhiteTitle "-"]
[BlackTitle "-"]
[WhiteFideId "8627568"]
[BlackFideId "5015693"]
[WhiteElo "2365"]
[BlackElo "2529"]

1. Nf3 c5 2. c4 Nf6 3. g3 d5 4. cxd5 Nxd5 5. Bg2 Nc6 6. Nc3 Nc7 7. a3 g6 8. h4 Bg4 9. Qb3 Bg7 10.
Qxb7 Bd7 11. Qb3 Rb8 12. Qd1 h6 13. d3 Ne6 14. O-O O-O 15. Nd2 Ne5 16. Nc4 Nxc4 17. dxc4 Nd4 18. Rb1 Bg4 19.
Be3 a5 20. Bxd4 cxd4 21. Na4 e5 22. c5 Bf5 23. Rc1 e4 24. Nb6 Rxb6 25. cxb6 Qxb6 26. b4 axb4 27. Qb3 Rb8 28. Qxb4 Qxb4 29. axb4 Rxb4 30. Rb1 Rxb1 31. Rxb1 Bf6 32. Kh2 d3 33. Bh3 Bxh3 34. Kxh3 dxe2 35.
Re1 Bd4 36. Rxe2 f5 37. Rd2 e3 38. fxe3 Bxe3 39. Rd3 Bc5 40. h5 gxh5 41. Rd5 Be7 42.
Rxf5 Bg5 43. Kg2 h4 44. g4 Kg7 45. Kf3 Kg6 46. Rb5 Bf6 47. Ke4 Be7 48. Rb7 Bf6 49. Rb5 Be7 50. Ke5 Kg5 51.
Ke6+ Kxg4 52. Kxe7 h3 53. Kf6 h2 54. Rb1 Kg3 55. Kf5 Kg2 56. Kg4 h5+ 57. Kxh5 h1=R+ 58. Rxh1 Kxh1 1/2-1/2

[Event "Masters Tournament (MTO)"]
[Site "Biel, Switzerland"]
[Date "2026.07.18"]
[Round "6.3"]
[White "Alexakis, Dimitris"]
[Black "Liu, Bei"]
[Result "1/2-1/2"]
[TimeControl "100+30+30sec/move"]
[WhiteTitle "-"]
[BlackTitle "-"]
[WhiteFideId "4277023"]
[BlackFideId "8603596"]
[WhiteElo "2525"]
[BlackElo "2175"]

1. e4 c5 2. Nf3 d6 3. d4 cxd4 4. Nxd4 Nf6 5. Nc3 a6 6. h3 e6 7. g4 d5 8. exd5 Nxd5 9. Nde2 Nxc3 10.
Qxd8+ Kxd8 11. Nxc3 Bd7 12. h4 Bc6 13. Rh3 Be7 14. Bf4 Nd7 15. O-O-O Ke8 16. g5 Rc8 17. h5 h6 18. g6 fxg6 19.
Bd3 gxh5 20. Bg6+ Kf8 21. Rxh5 Nf6 22. Re5 Be8 23. Bxe8 Rxe8 24. Rxe6 Bc5 25. Rxe8+ Kxe8 26. f3 h5 27.
Kd2 h4 28. Rh1 Rh5 29. Be3 Bd6 30. Ke2 Kf7 31. f4 Ng4 32. Bd2 Be7 33. Kf3 Nh6 34. Be1 g6 35. Ne4 Nf5 36. Bc3 Nh6 37.
Nf2 g5 38. fxg5 Bxg5 39. Ng4 Be7 40. Ne5+ Ke8 41. Ng6 Bd8 42. Re1+ Kd7 43. Nf4 Rf5 44. Rd1+ Kc8 45. Ke4 Rf7 46. Rd5 Ng4 47. Rc5+ Kd7 48. Rd5+ Kc8 49. Rc5+ Kd7 50.
Rd5+ 1/2-1/2

[Event "Masters Tournament (MTO)"]
[Site "Biel, Switzerland"]
[Date "2026.07.18"]
[Round "6.4"]
[White "Shukhman, Anna"]
[Black "Dong, Hongfu"]
[Result "1/2-1/2"]
[TimeControl "100+30+30sec/move"]
[WhiteTitle "-"]
[BlackTitle "-"]
[WhiteFideId "54180058"]
[BlackFideId "8626960"]
[WhiteElo "2443"]
[BlackElo "2353"]

1. e4 c5 2. Nf3 e6 3. d4 cxd4 4.
Nxd4 a6 5. Bd3 Bc5 6. Nb3 Ba7 7. Nc3 Ne7 8. Bf4 Nbc6 9. Bd6 Bb8 10. Be2 f5 11. Bh5+ g6 12. Bf3 Ne5 13. Be2 Nf7 14.
Bxb8 Rxb8 15. Qd2 b5 16. exf5 gxf5 17. O-O-O Qc7 18. Bh5 O-O 19. g4 f4 20. Ne4 d5 21. Nf6+ Kg7 22. g5 Nxg5 23.
Ne8+ Rxe8 24. Bxe8 Ne4 25. Qe2 Nf6 26. Rhg1+ Kf8 27. Bh5 e5 28. Kb1 Bf5 29. Rc1 Rd8 30. h3 Bxh3 31. Qf3 Bf5 32.
Qh1 Qd6 33. Be2 Bg6 34. Qh3 Kf7 35. Ka1 d4 36. f3 Nf5 37. Bd3 Ng3 38. Nd2 Qe6 39. Qh4 Rc8 40. Rce1 Qd6 41. Qg5 Rc5 42.
Nb3 Rd5 43. Be4 Nfxe4 44. fxe4 Qd8 45. Rxg3 fxg3 46. Rf1+ Kg8 47. Qxg3 Rd7 48. Qxe5 Qe7 49. Qg3 Rd8 50. Re1 Qb4 51.
Rd1 Qc4 52. Kb1 Qe2 53. Re1 d3 54. Rxe2 dxe2 55. Nc1 Rd1 56. Qb8+ Kg7 57. Qe5+ Kf7 58. Qf4+ Ke8 59. Qb8+ Ke7 60.
Qa7+ Ke8 61. Qb8+ Ke7 62. Qa7+ Ke8 1/2-1/2

[Event "Masters Tournament (MTO)"]
[Site "Biel, Switzerland"]
[Date "2026.07.18"]
[Round "6.5"]
[White "Balabayeva, Xeniya"]
[Black "Baenziger, Fabian"]
[Result "1/2-1/2"]
[TimeControl "100+30+30sec/move"]
[WhiteTitle "-"]
[BlackTitle "-"]
[WhiteFideId "13719688"]
[BlackFideId "1330110"]
[WhiteElo "2302"]
[BlackElo "2435"]

1. d4 e6 2. c4 Nf6 3. Nc3 Bb4 4.
e3 O-O 5. Bd3 d5 6. a3 Bxc3+ 7. bxc3 dxc4 8. Bxc4 c5 9. Ne2 Qc7 10. Ba2 b6 11. O-O Rd8 12. Re1 Nc6 13. Ng3 Ba6 14.
Rb1 Rac8 15. Rb2 cxd4 16. cxd4 Ne5 17. Rd2 Nd3 18. Rxd3 Qxc1 19. Qxc1 Rxc1 20. Rxc1 Bxd3 21. f3 Kf8 22.
Kf2 Ba6 23. Ne2 Rc8 24. Rxc8+ Bxc8 25. Nc3 Ke7 26. e4 Ne8 27. Ke3 Nc7 28. f4 f5 29. e5 Bb7 30. g3 Bc6 31. Bb3 Bb7 1/2-1/2

[Event "Masters Tournament (MTO)"]
[Site "Biel, Switzerland"]
[Date "2026.07.18"]
[Round "6.6"]
[White "Yasaswi, Krishna Bommi"]
[Black "Savitha, Shri B"]
[Result "0-1"]
[TimeControl "100+30+30sec/move"]
[WhiteTitle "-"]
[BlackTitle "-"]
[WhiteFideId "33368783"]
[BlackFideId "35061887"]
[WhiteElo "2085"]
[BlackElo "2368"]

1. d4 Nf6 2. Nf3 g6 3. Bf4 Bg7 4. e3 O-O 5. h3 c5 6. c3 Qb6 7. Qb3 d6 8. Nbd2 Be6 9. Qc2 Nc6 10.
dxc5 Qxc5 11. Nb3 Bxb3 12. Qxb3 Nd5 13. Rd1 Nxf4 14. exf4 Qf5 15. Qa4 a6 16. Bd3 Qe6+ 17. Qe4 Qxa2 18.
Qe2 Qa5 19. O-O e6 20. Bb1 Qc7 21. g4 Rfe8 22. Qd2 Rad8 23. f5 exf5 24. gxf5 Ne5 25. Nd4 Qe7 26. Qf4 Qf6 27. Rfe1 d5 28.
Re3 Nc4 29. Rxe8+ Rxe8 30. b3 Nd6 31.
Kg2 Kh8 32. Nf3 Nb5 33. Rxd5 Nxc3 34. Rd6 Ne2 35. Qd2 Qc3 36. Rd8 Qc6 37. Rxe8+ Qxe8 38. fxg6 hxg6 39. Bd3 Nc3 40. Qf4 Kg8 41. Ng5 Bh6 42. h4 Bxg5 43. hxg5 Nd5 44. Qd6 Qe6 45. Qg3 b5 46.
Kf1 Nb4 47. Be2 Nc6 48. Bg4 Qe5 49. Qxe5 Nxe5 50. Bc8 a5 51. Ke2 a4 52. bxa4 bxa4 53. Bb7 Kf8 54. Bd5 Ke7 55. Ke3 a3 56.
Ke4 Nc6 0-1

[Event "Masters Tournament (MTO)"]
[Site "Biel, Switzerland"]
[Date "2026.07.18"]
[Round "6.7"]
[White "Nguyen, Thi Mai Hung"]
[Black "Ganguly, Surya Shekhar"]
[Result "1/2-1/2"]
[TimeControl "100+30+30sec/move"]
[WhiteTitle "-"]
[BlackTitle "-"]
[WhiteFideId "12401676"]
[BlackFideId "5002150"]
[WhiteElo "2260"]
[BlackElo "2578"]

1. d4 Nf6 2. Nf3 d5 3. g3 c5 4. c3 Nc6 5. Bg2 e6 6. O-O Be7 7. Nbd2 cxd4 8. cxd4 Qb6 9. e3 O-O 10.
a3 a5 11. b3 Rd8 12. Bb2 Bd7 13. Ne5 Nxe5 14. dxe5 Ne4 15. Bd4 Bc5 16. Bxe4 Bxd4 17. exd4 dxe4 18. Nc4 Qc7 19. Rc1 Bc6 20.
Nd6 Rxd6 21. exd6 Qxd6 22. a4 Rd8 23. Qd2 Qxd4 24. Qxd4 Rxd4 25. Rfd1 Rxd1+ 26. Rxd1 Kf8 27. Rd8+ Ke7 28. Ra8 Bd5 29. Rxa5 Bxb3 30.
Ra7 Bd5 31. a5 Kf6 32. Kf1 g5 33. Ke1 Kg6 34. Ke2 1/2-1/2

[Event "Masters Tournament (MTO)"]
[Site "Biel, Switzerland"]
[Date "2026.07.18"]
[Round "6.8"]
[White "Kozak, Adam"]
[Black "Ghosh, Diptayan"]
[Result "1/2-1/2"]
[TimeControl "100+30+30sec/move"]
[WhiteTitle "-"]
[BlackTitle "-"]
[WhiteFideId "753246"]
[BlackFideId "5045207"]
[WhiteElo "2531"]
[BlackElo "2554"]

1. e4 e5 2. Nf3 Nc6 3. Bc4 Nf6 4. d3 h6 5. Nc3 Bb4 6. O-O Bxc3 7. bxc3 O-O 8. Re1 d6 9. Bb3 Re8 10.
h3 Be6 11. Bxe6 Rxe6 12. c4 Re8 13. Rb1 b6 14. Nh4 Nd4 15. Bb2 Ne6 16. Nf5 Kh7 17. Bc1 Ng8 18. Rf1 Ne7 1/2-1/2

[Event "Masters Tournament (MTO)"]
[Site "Biel, Switzerland"]
[Date "2026.07.18"]
[Round "6.9"]
[White "Aronyak, Ghosh"]
[Black "Pleschke, Julius Jonas"]
[Result "1/2-1/2"]
[TimeControl "100+30+30sec/move"]
[WhiteTitle "-"]
[BlackTitle "-"]
[WhiteFideId "25072846"]
[BlackFideId "54734258"]
[WhiteElo "2549"]
[BlackElo "2280"]

1. d4 Nf6 2. Bf4 e6 3. e3 b6 4. Nf3 Bb7 5. h3 Be7 6. Bd3 O-O 7. O-O c5 8. c3 cxd4 9. exd4 d6 10.
Re1 Nbd7 11. a4 a6 12. Bh2 Qc7 13. Na3 Rfe8 14. Bf1 Bc6 15. Nc2 Qb7 16. Nd2 Qc7 17. c4 e5 18. Nb1 Bf8 19.
Nc3 Bb7 20. Qd2 g6 21. Rad1 Rad8 22. Nb4 Bg7 23. Ncd5 Nxd5 24. cxd5 Nb8 25. Rc1 Qd7 26. dxe5 dxe5 27. Qe3 Qd6 28.
Nc6 Nxc6 29. dxc6 Bxc6 30. Qxb6 Bxa4 31. Qxa6 Qxa6 32. Bxa6 Rb8 33. Re2 Bb5 34. Bxb5 1/2-1/2

[Event "Masters Tournament (MTO)"]
[Site "Biel, Switzerland"]
[Date "2026.07.18"]
[Round "6.10"]
[White "Ling, Chenxuan"]
[Black "Sasikiran, Krishnan"]
[Result "1-0"]
[TimeControl "100+30+30sec/move"]
[WhiteTitle "-"]
[BlackTitle "-"]
[WhiteFideId "30983118"]
[BlackFideId "5004985"]
[WhiteElo "2166"]
[BlackElo "2546"]

1. d4 Nf6 2. c4 g6 3. Nc3 Bg7 4. e4 d6 5. h3 O-O 6. Bg5 c5 7. d5 e6 8. Bd3 exd5 9. exd5 Re8+ 10.
Nge2 Nbd7 11. O-O h6 12. Be3 Ne5 13. Ng3 h5 14. Bg5 Qb6 15. Be2 Nh7 16. Bd2 h4 17. Nge4 Bf5 18. Re1 Re7 19.
Qb3 Qd8 20. f4 b5 21. fxe5 Rxe5 22. Bf3 bxc4 23. Qxc4 Rb8 24. Bf4 Rb4 25. Qf1 Rxb2 26. Rab1 Rb4 27. Bxe5 Bxe5 28. Rxb4 cxb4 29.
Nd1 Ng5 30. Nxg5 Qxg5 31. Bg4 Bxg4 32. hxg4 Qd2 33. Qe2 Qxd5 34. Ne3 Qc5 35. Kh1 a5 36. Qf3 a4 37. Rf1 Qa7 38. Nd5 b3 39.
axb3 a3 40. Nb4 Bg7 41. Na2 Be5 42. b4 Kg7 43. g5 Qc7 44. Qd5 Qe7 45. b5 h3 46. gxh3 Qxg5 47. Qxf7+ Kh6 48. Qf8+ Kh5 49.
Qf3+ Kh6 50. Qg2 Qe3 51. Rg1 g5 52. b6 Bf4 53. b7 Qb3 54. Nc3 a2 55. Nxa2 d5 56. Nc3 Qxc3 57. b8=Q 1-0

[Event "Masters Tournament (MTO)"]
[Site "Biel, Switzerland"]
[Date "2026.07.18"]
[Round "6.11"]
[White "Elmi, Saad Abobaker"]
[Black "Ivana Maria, Furtado"]
[Result "1-0"]
[TimeControl "100+30+30sec/move"]
[WhiteTitle "-"]
[BlackTitle "-"]
[WhiteFideId "1553259"]
[BlackFideId "5048400"]
[WhiteElo "2399"]
[BlackElo "2182"]

1. Nf3 d5 2. e3 c5 3. d4 Nf6 4.
c4 cxd4 5. exd4 g6 6. Nc3 Bg7 7. Be2 O-O 8. O-O dxc4 9. Bxc4 Bg4 10. d5 Nbd7 11. Re1 Nb6 12. Bb3 Qd7 13. h3 Bxf3 14.
Qxf3 Rad8 15. Rd1 Qf5 16. Qe2 h5 17. Qxe7 Rd7 18. Qe2 h4 19. Qd3 Qxd3 20. Rxd3 Nh5 21. Be3 Rfd8 22. Rad1 Be5 23.
Ne4 Nc8 24. d6 Bxd6 25. Kf1 Kf8 26. Bg5 f6 27. Nxf6 Nxf6 28. Bxf6 Re8 29. Ba4 1-0

[Event "Masters Tournament (MTO)"]
[Site "Biel, Switzerland"]
[Date "2026.07.18"]
[Round "6.12"]
[White "Lu, Miaoyi"]
[Black "Fogo Esquivel, Levi Kalani Alexander"]
[Result "1-0"]
[TimeControl "100+30+30sec/move"]
[WhiteTitle "-"]
[BlackTitle "-"]
[WhiteFideId "8618020"]
[BlackFideId "5183189"]
[WhiteElo "2392"]
[BlackElo "2125"]

1. e4 e5 2. Nf3 Nc6 3. Bc4 Nf6 4. Ng5 d5 5. exd5 Na5 6. Bb5+ c6 7. dxc6 bxc6 8. Qf3 Bb7 9. Ba4 Be7 10.
d3 O-O 11. Nc3 Nd5 12. Qh5 h6 13. Nf3 Nxc3 14. bxc3 e4 15. dxe4 c5 16. O-O Bxe4 17. Ne5 Qd5 18. Bf4 Bg6 19.
Qe2 Qe6 20. Bd7 Qf6 21. Nxg6 fxg6 22. Be5 Qb6 23. Rab1 Qd8 24. Rfd1 Kh7 25. Ba4 Qc8 26. Bd7 Qd8 27. Ba4 Qc8 28.
Rd7 Bf6 29. Bc7 Nb7 30. Qe4 Nd8 31. h4 Qa6 32. Bb5 Qxa2 33. Rf1 Rc8 34. Bc4 Rxc7 35. Rxc7 Qa5 36. Rd7 Bxc3 37. Qe7 Rf4 38.
Rxd8 Bf6 39. Rh8+ Kxh8 40. Qe8+ 1-0

[Event "Masters Tournament (MTO)"]
[Site "Biel, Switzerland"]
[Date "2026.07.18"]
[Round "6.13"]
[White "Dai, Wenzhi"]
[Black "Haimovich, Tal"]
[Result "1-0"]
[TimeControl "100+30+30sec/move"]
[WhiteTitle "-"]
[BlackTitle "-"]
[WhiteFideId "8608369"]
[BlackFideId "2801698"]
[WhiteElo "2126"]
[BlackElo "2310"]

1. e4 e5 2. Nf3 Nc6 3. Bb5 a6 4. Ba4 Nf6 5. O-O Be7 6. Re1 b5 7. Bb3 O-O 8. c3 d6 9. h3 Nb8 10.
d4 Nbd7 11. a4 Bb7 12. Nbd2 c5 13. Bc2 Re8 14. Qe2 Qb6 15. d5 c4 16. b4 cxb3 17. Nxb3 Nc5 18. Be3 Nfd7 19. Reb1 Reb8 20.
Nfd2 h6 21. Nxc5 Nxc5 22. Bd3 Bg5 23. axb5 Bxe3 24. Qxe3 axb5 25. Rxa8 Rxa8 26. Bxb5 Qc7 27. Nb3 Nxb3 28. Rxb3 Ra1+ 29.
Kh2 Ra2 30. c4 h5 31. Bc6 Ba6 32. c5 h4 33. Ra3 Rxa3 34. Qxa3 Bc8 35. cxd6 Qd8 36. Qa8 Kh7 37. d7 Qf6 38.
Qa2 Bxd7 39. Bxd7 Qf4+ 40. g3 Qxe4 41. Qd2 hxg3+ 42. fxg3 f5 43. d6 f4 44. gxf4 exf4 45. Bg4 Qe5 46.
Bf3 Qg5 47. Qe1 Qd8 48. Qe4+ 1-0

[Event "Masters Tournament (MTO)"]
[Site "Biel, Switzerland"]
[Date "2026.07.18"]
[Round "6.14"]
[White "Arsenie, Cristian Marc"]
[Black "Vihaan, Dumir"]
[Result "0-1"]
[TimeControl "100+30+30sec/move"]
[WhiteTitle "-"]
[BlackTitle "-"]
[WhiteFideId "1345923"]
[BlackFideId "25901010"]
[WhiteElo "2300"]
[BlackElo "2132"]

1. e4 c5 2. c3 d5 3. exd5 Qxd5 4. d4 e6 5. Nf3 Nf6 6. Na3 a6 7. Nc4 Nbd7 8. Be2 b5 9. Ne3 Qc6 10.
a4 Bb7 11. dxc5 Qxc5 12. Nc2 Be7 13. O-O O-O 14. h3 Ne5 15. Nfd4 bxa4 16. Rxa4 Rfd8 17. Be3 Ng6 18. Qa1 Qc8 19.
Nf3 Nd5 20. Bc1 Nb6 21. Ra5 Nc4 22. Ra2 Bf6 23. Ne3 Nb6 24. Ng4 Be7 25. Re1 Bd6 26. Be3 Nd5 27. Bd4 Ndf4 28. Bd1 Nxg2 29. Kxg2 Nh4+ 30. Kg1 Bxf3 31. Qc1 Bxd1 32.
Rxd1 Qc6 33. Kf1 Qh1+ 34. Ke2 Qf3+ 35. Ke1 Ng2+ 36. Kf1 Nf4 37. Ne3 Qh1# 0-1

[Event "Masters Tournament (MTO)"]
[Site "Biel, Switzerland"]
[Date "2026.07.18"]
[Round "6.15"]
[White "Xu, Chang(Cq)"]
[Black "Cherniaev, Alexander"]
[Result "1/2-1/2"]
[TimeControl "100+30+30sec/move"]
[WhiteTitle "-"]
[BlackTitle "-"]
[WhiteFideId "8641757"]
[BlackFideId "4117301"]
[WhiteElo "2125"]
[BlackElo "2275"]

1. e4 c5 2. Nf3 Nc6 3. Bb5 g6 4. O-O Bg7 5. c3 Nf6 6. Re1 O-O 7. d4 d5 8. e5 Ne4 9. Be3 cxd4 10.
cxd4 f6 11. exf6 exf6 12. Nc3 Nxc3 13. bxc3 Na5 14. Nd2 Bf5 15. Qf3 a6 16. Bf1 Rc8 17. g4 Be6 18. Bf4 Qd7 19. h3 Bf7 20.
Nb3 Nxb3 21. axb3 Rfe8 22. Qd3 Bf8 23. Bg2 Rxe1+ 24. Rxe1 Qd8 25. Ra1 Qb6 26. b4 Bd6 27. Bxd6 Qxd6 28.
Re1 Rc7 29. Re3 Kg7 30. Qe2 Qf4 31. Qa2 Qd6 32. Qa5 Qd7 33. h4 h6 34. Bf3 Rc8 35. Qa1 Qd6 36. Qe1 Rc7 37. Kg2 b6 38.
Qa1 Ra7 39. Re2 a5 40. bxa5 bxa5 41. Qa4 Qc7 42. Qa3 Qd7 43. Rb2 Qe7 44. Qxe7 Rxe7 45. Rb5 Ra7 46. Bxd5 Bxd5+ 47. Rxd5 a4 48.
Rb5 a3 49. Rb1 a2 50. Ra1 Ra3 51. Kf1 Kf7 52. Ke2 Rxc3 53. Rxa2 Rh3 54. d5 Rxh4 55. Ra7+ Ke8 56. Kf3 h5 57.
gxh5 gxh5 58. Rh7 f5 59. Ke3 Re4+ 60. Kd3 h4 61. f3 Ra4 62. Rh5 Ke7 63. Rxf5 Kd6 64. Ke3 h3 65. Rh5 h2 66.
f4 Ra1 67. Rxh2 Kxd5 68. Rh5+ Ke6 69. Ke4 Re1+ 70. Kf3 Kf6 71. Kf2 Ra1 72. Rb5 Ra3 73. Re5 Rb3 74. Re3 Rxe3 75. Kxe3 Kf5 76.
Kf3 Kf6 77. Ke4 Ke6 78. f5+ Kf6 79. Kf4 Kf7 80. Kg5 Kg7 81. f6+ Kf7 82. Kf5 Kf8 83. Ke6 Ke8 84. f7+ Kf8 85. Kf6 1/2-1/2

[Event "Masters Tournament (MTO)"]
[Site "Biel, Switzerland"]
[Date "2026.07.18"]
[Round "6.16"]
[White "Joly, Julien"]
[Black "Ragavan, Samarth Rajesh"]
[Result "0-1"]
[TimeControl "100+30+30sec/move"]
[WhiteTitle "-"]
[BlackTitle "-"]
[WhiteFideId "26082284"]
[BlackFideId "39918106"]
[WhiteElo "2257"]
[BlackElo "2106"]

1. d4 Nf6 2. c4 e6 3. g3 d5 4. Nf3 Bb4+ 5. Bd2 Be7 6. Bg2 O-O 7. Qc2 Nbd7 8. Bf4 c6 9. h4 b6 10.
Nc3 Ba6 11. e4 dxe4 12. Ne5 Bb7 13. O-O-O Qc8 14. Nxe4 Nxe4 15. Qxe4 Nxe5 16. Bxe5 Qd7 17. Qg4 f6 18. Bf4 Bd6 19.
Bd2 Rfe8 20. Bc3 Qf7 21. Rhe1 Rad8 22. h5 f5 23. Qh4 Be7 24. Qh1 Rc8 25. f4 Bf6 26. Re3 Ba8 27. Kc2 Red8 28.
Red3 Bb7 29. b3 Qd7 30. Bf3 Ba6 31. R3d2 Qd6 32. Qe1 Re8 33. Qe3 Qb8 34. g4 b5 35. g5 Bd8 36. c5 b4 37.
Bb2 Bc7 38. Bxc6 Bxf4 39. Qf3 Rxc6 40. Qxc6 Bb7 41. Qd7 Be4+ 42. Kc1 Bxg5 43. d5 Re7 44. Qd6 Qxd6 45. cxd6 Rd7 46. Rg1 Bxd2+ 47. Kxd2 Rxd6 48. Rxg7+ Kf8 49.
Rxh7 f4 50. Rh8+ Kf7 51. h6 Rxd5+ 52. Ke2 Ra5 53. Rd8 Rxa2 54. Rd2 Kg6 55. Be5 f3+ 56. Ke3 Rxd2 57. Kxd2 Kxh6 58. Bd6 Bd5 59.
Bxb4 Bxb3 60. Ke3 Bd5 61. Ba5 Kg6 62. Bb4 Kf5 63. Ba5 e5 64. Bc3 e4 65. Bd2 Ke6 66. Be1 Kd7 67. Kd4 Kc6 68.
Bf2 a5 69. Kc3 Kb5 70. Kd4 a4 0-1

[Event "Masters Tournament (MTO)"]
[Site "Biel, Switzerland"]
[Date "2026.07.18"]
[Round "6.17"]
[White "Georgescu, Lena"]
[Black "Tkhoruk, Roman"]
[Result "1-0"]
[TimeControl "100+30+30sec/move"]
[WhiteTitle "-"]
[BlackTitle "-"]
[WhiteFideId "1331973"]
[BlackFideId "34161589"]
[WhiteElo "2253"]
[BlackElo "1967"]

1. e4 c6 2. d4 d5 3. e5 Bf5 4. h4 h5 5. c4 dxc4 6. Bxc4 e6 7. Ne2 Qc7 8. Ng3 Bg6 9. Nc3 Ne7 10.
Bd3 Bxd3 11. Qxd3 Nd5 12. Bg5 Nd7 13. Nxd5 cxd5 14. O-O Be7 15. Bxe7 Kxe7 16. Qa3+ Kd8 17. Rac1 Qb6 18. Qe3 g6 19.
Rc2 Nb8 20. Qf3 Rf8 21. Qa3 Rg8 22. Rfc1 Nc6 23. Ne2 Qb4 24. Qf3 Rf8 25. a3 Qb6 26. b4 Rc8 27. Rc5 Ne7 28. Qf6 Kd7 29.
Nf4 Rxc5 30. dxc5 Qd8 31. b5 Nf5 32. Qxd8+ Rxd8 33. g3 Nd4 34. a4 Nf3+ 35. Kg2 Nxe5 36. Ne2 Nc4 37. Nd4 Rc8 38.
c6+ bxc6 39. Nxc6 Rxc6 40. bxc6+ Kxc6 41. Rb1 Kc7 42. f3 e5 43. Kf2 a6 44. g4 Kd6 45. Rb7 Ke6 46. Rc7 a5 47.
Rc6+ Kd7 48. Ra6 Ke7 49. Ke2 Kd7 50. gxh5 gxh5 51. Rh6 Ke7 52. Rxh5 Kf6 53. f4 Ke6 54. fxe5 Nxe5 55. Ke3 Ng4+ 56.
Kd4 f5 57. Rh8 f4 58. Rf8 Nf6 59. Ra8 Ng4 60. Rxa5 f3 61. Ra6+ Kf5 62. Kd3 d4 63. Ra8 Ke5 64. Re8+ Kd5 65. Rd8+ Ke5 66. a5 Nf2+ 67. Kc4 Nd1 68. Re8+ Kf4 69. Kxd4 Nb2 70. a6 Na4 71. a7 Nb6 72. a8=Q Nxa8 73.
Rxa8 f2 74. Rf8 Kg3 75. h5 1-0

[Event "Masters Tournament (MTO)"]
[Site "Biel, Switzerland"]
[Date "2026.07.18"]
[Round "6.18"]
[White "Malli, Suvirr"]
[Black "Hasenohr, Benedict"]
[Result "0-1"]
[TimeControl "100+30+30sec/move"]
[WhiteTitle "-"]
[BlackTitle "-"]
[WhiteFideId "1341855"]
[BlackFideId "1303309"]
[WhiteElo "2120"]
[BlackElo "2247"]

1. e4 e6 2. d4 d5 3. Nc3 Bb4 4. e5 c5 5. a3 Bxc3+ 6. bxc3 Ne7 7. h4 Nbc6 8. h5 h6 9. Qg4 Nf5 10.
Bd3 O-O 11. Nf3 Qa5 12. Bd2 Qa4 13. Qh3 f6 14. g4 Nfe7 15. exf6 Rxf6 16. g5 e5 17. Qg2 hxg5 18. Bxg5 Rxf3 19.
Qxf3 e4 20. Qg2 Qa5 21. Bd2 Bf5 22. Rg1 g6 23. Be2 Rf8 24. hxg6 Nxg6 25. Bg4 Nce7 26. Bxf5 Rxf5 27. Qh3 Kf7 28.
Qh7+ Kf6 29. Qh2 Ke6 30. Qh6 Rf6 31. Qh3+ Nf5 32. c4 Qd8 33. Bg5 Qa5+ 34. Kd1 cxd4 35. cxd5+ Qxd5 36. Bxf6 Kxf6 37.
Qb3 Qc5 38. Qb4 Qc7 39. Rb1 Qh2 40. Rf1 Qf4 41. Ke1 Ne5 42. Rh1 e3 43. Qf8+ Nf7 44. Rf1 d3 45. Qb4 dxc2 46. Qc3+ Nd4 47.
Ra1 e2 48. Rg1 Ne5 49. Rg3 Qh4 50. Kd2 Qh6+ 51. Re3 Kf5 52.
Qc8+ Kf4 53. Qc7 Ndf3+ 54. Kxe2 Qa6+ 0-1

[Event "Masters Tournament (MTO)"]
[Site "Biel, Switzerland"]
[Date "2026.07.18"]
[Round "6.19"]
[White "Schnell, Simon"]
[Black "Coban, Ege"]
[Result "1-0"]
[TimeControl "100+30+30sec/move"]
[WhiteTitle "-"]
[BlackTitle "-"]
[WhiteFideId "1345311"]
[BlackFideId "26320304"]
[WhiteElo "2211"]
[BlackElo "1986"]

1. d4 Nf6 2. c4 c5 3. d5 b5 4.
cxb5 a6 5. b6 g6 6. Nc3 Bg7 7. e4 d6 8. Nf3 O-O 9. Be2 Nbd7 10. a4 a5 11. O-O Nxb6 12. Nd2 e6 13. Nc4 exd5 14.
exd5 Nxc4 15. Bxc4 Ng4 16. Bf4 Rb8 17. Bb5 h5 18. Qd2 Bf5 19. Rae1 h4 20. Bg5 Bf6 21. Bxf6 Nxf6 22. h3 Kg7 23. Re3 Nh5 24. Rf3 Rb7 25. Re1 Re7 26. Ree3 f6 27.
Rxe7+ Qxe7 28. Re3 Qd8 29. Qe1 Nf4 30. Re7+ Rf7 31. Re8 Qc7 32. Qe3 g5 33. Bc6 Bd3 34. Kh2 Bf1 35. Nb5 Bxb5 36.
axb5 a4 37. Ra8 Ng6 38. Rxa4 Re7 39. Qb3 c4 40. Qxc4 Nf4 41. Qd4 Ne2 42. b6 Qc8 43. Qg4 Qd8 44. Ra7 Nf4 45. Rxe7+ Qxe7 46.
Qd7 Nxd5 47. b7 1-0

[Event "Masters Tournament (MTO)"]
[Site "Biel, Switzerland"]
[Date "2026.07.18"]
[Round "6.20"]
[White "Kwiatkowski, Jakub"]
[Black "Cervelli, Eduard"]
[Result "0-1"]
[TimeControl "100+30+30sec/move"]
[WhiteTitle "-"]
[BlackTitle "-"]
[WhiteFideId "1348736"]
[BlackFideId "1351800"]
[WhiteElo "2107"]
[BlackElo "2197"]

1. e4 c5 2. Nf3 d6 3. Bb5+ Nd7 4.
Ba4 Ngf6 5. O-O e6 6. Re1 a6 7. c4 Be7 8. Nc3 O-O 9. d4 cxd4 10. Nxd4 Nb6 11. Bb3 Bd7 12. Be3 Rc8 13.
Qe2 Qc7 14. Rac1 Rfe8 15. f4 Nxc4 16. Bf2 e5 17. Nf3 b5 18. f5 Qb7 19. Bh4 Nb6 20. Rcd1 b4 21. Bxf6 Bxf6 22. Nd5 Nxd5 23.
Bxd5 Qb6+ 24. Kh1 Red8 25. h4 Bb5 26. Qd2 Bc4 27. Ng5 Bxd5 28. Qxd5 Bxg5 29. hxg5 Qf2 30. Qa5 Qh4+ 31. Kg1 Qxg5 32.
Qxa6 h5 33. Qd3 Rc6 34. Re3 h4 35. Re2 Rdc8 36. Qd2 Qg4 37. Qd3 Rc1 38. Red2 h3 39. Qf3 Qxf3 40. gxf3 Rxd1+ 41. Rxd1 Rc2 42.
Rxd6 Rxb2 43. Rb6 Kh7 44. Kh1 f6 45. Rb8 Kh6 46. Rh8+ Kg5 47. Rg8 Rxa2 48. Rxg7+ Kf4 49. Rb7 Kg3 50.
Rg7+ Kxf3 51. Rg1 Kxe4 52. Rg4+ Kxf5 53. Rxb4 e4 54. Rb3 Kg4 55. Kg1 f5 56. Kh1 f4 57. Kg1 e3 58. Kf1 h2 0-1

[Event "Masters Tournament (MTO)"]
[Site "Biel, Switzerland"]
[Date "2026.07.18"]
[Round "6.21"]
[White "Stefan, Iulia-Cristiana"]
[Black "Udelnov, Valentin"]
[Result "0-1"]
[TimeControl "100+30+30sec/move"]
[WhiteTitle "-"]
[BlackTitle "-"]
[WhiteFideId "1273876"]
[BlackFideId "16265734"]
[WhiteElo "2053"]
[BlackElo "2269"]

1. d4 Nf6 2. Nf3 g6 3. c4 Bg7 4. g3 O-O 5. Bg2 d6 6.
Nc3 Nc6 7. d5 Na5 8. b3 c5 9. Bb2 a6 10. Nd2 Rb8 11. Qc1 b5 12. O-O e5 13. dxe6 Bxe6 14. cxb5 axb5 15. Nce4 Ne8 16.
Bxg7 Kxg7 17. Qc3+ f6 18. Rfd1 b4 19. Qb2 Qe7 20. Rac1 Rc8 21. Nf1 Nc6 22. Ng5 Bg8 23. Bh3 Rd8 24.
Bg2 d5 25. Ne3 Nd4 26. Nh3 Nc7 27. Nf4 Ncb5 28. Nfxd5 Bxd5 29. Nxd5 Qe5 30. Rd2 Rxd5 31. e3 Rd6 32. exd4 Nxd4 33.
Kh1 Rfd8 34. Rcd1 Qh5 35. Rd3 Re8 36. h3 Rde6 37. Qc1 Qf5 38. f4 h5 39. Qa1 Re2 40. Rxd4 cxd4 41. Qxd4 Qc2 42.
Rg1 Qc3 43. Qd6 Qxg3 44. Qxb4 Re1 45. Bf1 Qf3+ 46. Bg2 Rxg1+ 47. Kxg1 Qe3+ 48. Kh2 Re7 49. h4 Rd7 50. Qe4 Qf2 51.
Kh3 Rc7 52. Qf3 Qe1 53. Kh2 Qxh4+ 54. Kg1 Qe1+ 55. Qf1 Qg3 56. f5 Re7 0-1

[Event "Masters Tournament (MTO)"]
[Site "Biel, Switzerland"]
[Date "2026.07.18"]
[Round "6.22"]
[White "Ashwath, Kaushik"]
[Black "Jelicic, Hugo"]
[Result "1-0"]
[TimeControl "100+30+30sec/move"]
[WhiteTitle "-"]
[BlackTitle "-"]
[WhiteFideId "33387230"]
[BlackFideId "1349040"]
[WhiteElo "2278"]
[BlackElo "1907"]

1. d4 d5 2. Nf3 Nf6 3. c4 e6 4.
e3 c6 5.
b3 Bb4+ 6. Nbd2 Nbd7 7. Bd3 O-O 8. O-O b6 9. Bb2 Bb7 10. a3 Be7 11. Qe2 c5 12. Rfd1 Ne4 13. cxd5 Nxd2 14. Nxd2 exd5 15.
e4 cxd4 16. Bxd4 Re8 17. e5 Bc5 18. Bb2 Qg5 19. Nf3 Qh5 20. Ba6 Bc6 21. b4 Bf8 22. b5 1-0